[Event "Titled Tuesday Blitz May 30 Early 2023"]
[White "Osiecki, Stanislaw"]
[Black "Sargissyan, Sargis"]
[WhiteFideId "1102990"]
[BlackFideId "13303210"]
[WhiteElo "2088"]
[BlackElo "2109"]
[Result "1-0"]
[Round "02"]
[TimeControl "180+2"]
[Date "2023.05.30"]
[WhiteClock "0:00:41"]
[BlackClock "0:00:50"]

1. e4 c5 2. c3 Nf6 3. e5 Nd5 4. d4 cxd4 5. Nf3 d6 6. cxd4 Nc6 7. Bc4 dxe5 8. dxe5 Ndb4 9. Qxd8+ Nxd8 10. Na3 Bg4 11. Bb5+ Ndc6 12. Nd4 Bd7 13. Nxc6 Nxc6 14. Bf4 a6 15. Bxc6 Bxc6 16. O-O O-O-O 17. Nc4 b5 18. Na5 Bd5 19. Rac1+ Kb8 20. e6+ Ka8 21. exf7 e5 22. Bxe5 Bb4 23. Nc6 Bxc6 24. Rxc6 Rhf8 25. Rc7 Bd6 26. Bxd6 Rxd6 27. Re1 Kb8 28. Rce7 Kc8 29. Re8+ Rd8 30. Rxf8 1-0


[Site "https://www.chess.com"]

[Event "Titled Tuesday Blitz May 30 Early 2023"]
[White "Toktomushev, Teimur"]
[Black "Saim, Mohamed Ilias"]
[WhiteFideId "14176726"]
[BlackFideId "7900465"]
[WhiteElo "2116"]
[BlackElo "2063"]
[Result "1-0"]
[Round "02"]
[TimeControl "180+2"]
[Date "2023.05.30"]
[WhiteClock "0:01:59"]
[BlackClock "0:01:41"]

1. d4 Nf6 2. c4 c5 3. d5 e6 4. Nc3 exd5 5. cxd5 d6 6. Nf3 g6 7. Nd2 b5 8. Nxb5 Nxd5 9. Nc4 Bb7 10. e4 Nb4 11. Nbxd6+ Bxd6 12. Nxd6+ Qxd6 13. Qxd6 Nc2+ 14. Kd1 Nxa1 15. Bb5+ Nc6 16. Bg5 1-0


[Site "https://www.chess.com"]

[Event "Titled Tuesday Blitz May 30 Early 2023"]
[White "Lohani, Sujana"]
[Black "Srebrnic, Marko"]
[WhiteFideId "12311987"]
[BlackFideId "14603616"]
[WhiteElo "1718"]
[BlackElo "2341"]
[Result "0-1"]
[Round "02"]
[TimeControl "180+2"]
[Date "2023.05.30"]
[WhiteClock "0:00:00"]
[BlackClock "0:00:43"]

1. d4 Nf6 2. Nf3 d6 3. g3 b5 4. Bg2 Bb7 5. O-O h6 6. a4 b4 7. c4 g5 8. a5 a6 9. Qa4+ Bc6 10. Qxb4 e6 11. Nc3 Be7 12. Rd1 O-O 13. d5 exd5 14. cxd5 Bd7 15. Qb7 c5 16. Qxa8 Qc7 17. Ne5 dxe5 18. d6 Bxd6 19. Qf3 Kg7 20. Ne4 Nxe4 21. Qxe4 Bc6 22. Qf5 Bxg2 23. Kxg2 Qe7 24. h4 f6 25. Qd3 Bc7 26. hxg5 hxg5 27. Rh1 e4 28. Qe3 Nc6 29. Bd2 Nd4 30. Bc3 Rd8 31. Rh2 Kg6 32. Rah1 Nf5 33. Qc1 e3 34. f3 Bxg3 35. Rh7 Qxh7 0-1


[Site "https://www.chess.com"]

[Event "Titled Tuesday Blitz May 30 Early 2023"]
[White "Castillo Pena, Patricia Evarista"]
[Black "Arencibia Monduy, Antonio"]
[WhiteFideId "6412106"]
[BlackFideId "3507939"]
[WhiteElo "1919"]
[BlackElo "2417"]
[Result "0-1"]
[Round "02"]
[TimeControl "180+2"]
[Date "2023.05.30"]
[WhiteClock "0:00:42"]
[BlackClock "0:00:20"]

1. d4 Nf6 2. Nf3 e6 3. e3 b6 4. Bd3 Bb7 5. O-O d5 6. b3 Be7 7. Bb2 O-O 8. Nbd2 Nbd7 9. Ne5 Ne4 10. f4 Nxd2 11. Qxd2 f5 12. c4 Nxe5 13. fxe5 c5 14. Rad1 Qc7 15. Rf2 Rad8 16. Rdf1 dxc4 17. bxc4 g6 18. Qc2 Bg5 19. Qe2 Rd7 20. e4 cxd4 21. exf5 gxf5 22. Bc1 Bxc1 23. Rxc1 Rg7 24. Rcf1 Rg5 25. Qe1 Rf7 26. g3 Rfg7 27. Qe2 Qc6 28. Rg2 Qxg2+ 29. Qxg2 Bxg2 30. Kxg2 Rd7 31. Rf4 Rg4 32. Kf3 Rxf4+ 33. Kxf4 Kg7 34. h4 h6 35. g4 fxg4 36. Kxg4 Rf7 37. h5 Rf2 38. Bg6 Rxa2 39. Kf4 Re2 40. Kf3 Re3+ 41. Kf4 a5 0-1


[Site "https://www.chess.com"]

[Event "Titled Tuesday Blitz May 30 Early 2023"]
[White "Nihal Sarin"]
[Black "Seo, Jung Min"]
[WhiteFideId "25092340"]
[BlackFideId "1734687"]
[WhiteElo "2689"]
[BlackElo "2468"]
[Result "1-0"]
[Round "03"]
[TimeControl "180+2"]
[Date "2023.05.30"]
[WhiteClock "0:02:26"]
[BlackClock "0:02:16"]

1. d4 Nf6 2. Nf3 g6 3. Bg5 Bg7 4. Nbd2 d6 5. e3 O-O 6. Bc4 Nc6 7. c3 h6 8. Bh4 Bf5 9. O-O g5 10. Bg3 Nh5 11. Nxg5 Nxg3 12. fxg3 hxg5 13. Rxf5 e6 14. Rf1 d5 15. Bd3 f5 16. g4 f4 17. exf4 gxf4 18. Nf3 e5 19. dxe5 Nxe5 20. Bf5 Nc4 21. Be6+ Kh8 22. g5 Ne3 23. Qe1 Nxg2 24. Kxg2 Rf7 25. Bxf7 Qxg5+ 26. Nxg5 Re8 27. Qxe8+ Bf8 28. Qxf8# 1-0


[Site "https://www.chess.com"]

[Event "Titled Tuesday Blitz May 30 Early 2023"]
[White "Vakhlamov, Igor L."]
[Black "Bortnyk, Olexandr"]
[WhiteFideId "24126748"]
[BlackFideId "14120828"]
[WhiteElo "2407"]
[BlackElo "2734"]
[Result "1-0"]
[Round "03"]
[TimeControl "180+2"]
[Date "2023.05.30"]
[WhiteClock "0:00:08"]
[BlackClock "0:00:00"]

1. e4 Nf6 2. e5 Nd5 3. d4 d6 4. Nf3 dxe5 5. Nxe5 c6 6. Be2 Bf5 7. O-O Nd7 8. Nf3 e6 9. c4 N5f6 10. Nc3 Bd6 11. Nh4 Bg6 12. Re1 Ne4 13. Nxg6 Bxh2+ 14. Kf1 Nxc3 15. bxc3 hxg6 16. g3 Qf6 17. Kg2 O-O-O 18. Rh1 Rh7 19. Be3 Rdh8 20. Qd3 Qe7 21. Rab1 e5 22. d5 e4 23. Qc2 c5 24. Qa4 Nb8 25. Qxa7 Qd7 26. Qxc5+ Kd8 27. Qb6+ Ke8 28. Qb5 Nc6 29. g4 Bc7 30. dxc6 Rh2+ 31. Rxh2 Rxh2+ 32. Kg1 bxc6 33. Qc5 Rh4 34. Qd4 Qe6 35. Rd1 f6 36. c5 g5 37. Qc4 Rxg4+ 38. Kf1 Qxc4 39. Bxc4 Rh4 40. Be6 f5 41. Bxf5 Be5 42. Bd7+ Kf7 43. Bxc6 g4 44. Bxe4 g3 45. Bd5+ Kf6 46. fxg3 Rg4 47. Bf2 Ra4 48. Bb3 Ra8 49. c6 Rc8 50. Bd5 Bxc3 51. Bf3 Be5 52. Kg2 g5 53. g4 Rb8 54. Rd2 Rb4 55. Bg3 Bxg3 56. Kxg3 Rc4 57. Re2 Rc3 58. Rb2 Ke5 59. a4 Kd6 60. a5 Ra3 61. Rb5 Ra1 62. Rxg5 Rg1+ 63. Kf4 Ra1 64. Rg6+ Ke7 65. Rg7+ Kf6 66. Rd7 Rxa5 67. c7 Ra4+ 68. Kg3 Rc4 69. Bb7 Rc3+ 70. Kh4 Rc1 71. c8=Q 1-0


[Site "https://www.chess.com"]

[Event "Titled Tuesday Blitz May 30 Early 2023"]
[White "Di Benedetto, Edoardo"]
[Black "Le, Tuan Minh"]
[WhiteFideId "875740"]
[BlackFideId "12401153"]
[WhiteElo "2296"]
[BlackElo "2566"]
[Result "0-1"]
[Round "03"]
[TimeControl "180+2"]
[Date "2023.05.30"]
[WhiteClock "0:00:00"]
[BlackClock "0:00:52"]

1. d4 d5 2. c4 c6 3. Nc3 Nf6 4. Nf3 a6 5. cxd5 cxd5 6. Bf4 Nc6 7. e3 Bg4 8. Be2 Bxf3 9. Bxf3 e6 10. O-O Bd6 11. Bxd6 Qxd6 12. Rc1 O-O 13. Na4 Rac8 14. Nc5 Rc7 15. a3 Rfc8 16. b4 g6 17. g3 a5 18. b5 Ne7 19. Qb3 b6 20. Nd3 Rc4 21. Qb2 h5 22. Ne5 R4c7 23. h4 Kg7 24. Nd3 Nf5 25. Kg2 Nd7 26. Rxc7 Rxc7 27. Rc1 Kf8 28. a4 Ke8 29. Rc3 Kd8 30. Qc1 Rxc3 31. Qxc3 Qc7 32. Qxc7+ Kxc7 33. Kh3 Nd6 34. g4 hxg4+ 35. Kxg4 Kd8 36. Kg5 Ke7 37. h5 gxh5 38. Kxh5 Nf6+ 39. Kh4 Nc4 40. Kg3 Ne4+ 41. Bxe4 dxe4 42. Ne5 Nb2 43. Kf4 f5 0-1


[Site "https://www.chess.com"]

[Event "Titled Tuesday Blitz May 30 Early 2023"]
[White "Duda, Jan-Krzysztof"]
[Black "Ioannidis, Evgenios"]
[WhiteFideId "1170546"]
[BlackFideId "4229274"]
[WhiteElo "2790"]
[BlackElo "2386"]
[Result "1-0"]
[Round "03"]
[TimeControl "180+2"]
[Date "2023.05.30"]
[WhiteClock "0:00:11"]
[BlackClock "0:00:00"]

1. e4 e5 2. Nf3 Nc6 3. Nc3 Nf6 4. d4 exd4 5. Nxd4 Bb4 6. Nxc6 bxc6 7. Bd3 d5 8. exd5 O-O 9. O-O Bg4 10. f3 Bh5 11. Bg5 Qd6 12. Bxf6 Qxf6 13. Ne4 Qd4+ 14. Kh1 Qxd5 15. a3 Bd6 16. Nxd6 Qxd6 17. Be4 Rfd8 18. Qxd6 Rxd6 19. Kg1 Rad8 20. Rae1 Bg6 21. g3 Kf8 22. Bxg6 hxg6 23. h4 c5 24. Re5 Rd5 25. Rfe1 c4 26. Kf2 c6 27. R5e4 Rc5 28. c3 Rd2+ 29. R1e2 Rxe2+ 30. Kxe2 Rb5 31. Rxc4 Rxb2+ 32. Kd3 Rb6 33. Ra4 Rb7 34. Ra6 Rc7 35. Kd4 Ke7 36. Kc5 Kd7 37. a4 Rb7 38. g4 f6 39. c4 Rc7 40. g5 Rb7 41. Rxc6 Ke7 42. a5 Rb3 43. Rc7+ Ke6 44. Rxg7 1-0


[Site "https://www.chess.com"]

[Event "Titled Tuesday Blitz May 30 Early 2023"]
[White "Prohaszka, Peter"]
[Black "Dubov, Daniil"]
[WhiteFideId "726265"]
[BlackFideId "24126055"]
[WhiteElo "2626"]
[BlackElo "2793"]
[Result "0-1"]
[Round "03"]
[TimeControl "180+2"]
[Date "2023.05.30"]
[WhiteClock "0:00:00"]
[BlackClock "0:00:06"]

1. d4 Nf6 2. Nf3 d5 3. c3 g6 4. Bg5 Bg7 5. Nbd2 O-O 6. e3 Nbd7 7. Be2 Re8 8. O-O e5 9. h3 a5 10. a4 c6 11. Qb3 Qe7 12. Bh4 exd4 13. cxd4 Nf8 14. Qa3 Qxa3 15. Rxa3 Ne6 16. Rb1 Nd7 17. Bg3 Nxd4 18. Nxd4 Bxd4 19. exd4 Rxe2 20. Nf1 Nb6 21. Ne3 Nc4 22. Nxc4 dxc4 23. Re3 Rxe3 24. fxe3 Bf5 25. Ra1 b5 26. axb5 cxb5 27. Be1 a4 28. Bb4 Be4 29. Kf2 f6 30. g4 Kf7 31. Kg3 g5 32. Kf2 h5 33. gxh5 Rh8 34. Kg3 Rxh5 35. Rf1 Ke6 36. Rf2 Rh7 37. Rh2 Rh4 38. Rf2 Bd5 39. Rh2 Re4 40. Kf2 Bc6 41. Bc3 Kd5 42. Bb4 Bd7 43. Bc3 Be6 44. Bb4 Rh4 45. Kg3 Ke4 46. Rh1 Bd5 47. Rf1 f5 48. Re1 Kd3 49. Ba3 Kc2 50. Re2+ Kb3 51. Bc5 b4 52. Rf2 Be4 53. d5 Bxd5 54. Rxf5 Be6 55. Rxg5 Rxh3+ 56. Kf4 c3 57. bxc3 Kxc3 58. Rg7 b3 59. Rc7 Kd3 60. Bd4 Rh4+ 61. Ke5 Bc4 62. Rd7 Kc2 63. Rc7 Kd3 64. Rd7 Ke2 65. Rc7 Rxd4 66. Kxd4 b2 67. Rxc4 b1=Q 0-1


[Site "https://www.chess.com"]

[Event "Titled Tuesday Blitz May 30 Early 2023"]
[White "Danielyan, Vahe"]
[Black "Kramnik, Vladimir"]
[WhiteFideId "13304828"]
[BlackFideId "4101588"]
[WhiteElo "2423"]
[BlackElo "2703"]
[Result "0-1"]
[Round "03"]
[TimeControl "180+2"]
[Date "2023.05.30"]
[WhiteClock "0:00:00"]
[BlackClock "0:00:50"]

1. e4 c5 2. Nc3 e6 3. Nf3 Nc6 4. Bb5 Nd4 5. O-O a6 6. Bd3 Nc6 7. a3 Qc7 8. Re1 d6 9. b4 Be7 10. Bb2 Nf6 11. bxc5 dxc5 12. Qe2 b5 13. e5 Nd5 14. Nxd5 exd5 15. e6 Bxe6 16. Bxg7 Rg8 17. Bh6 c4 18. Bxh7 Rh8 19. Ng5 Bxg5 20. Bxg5 Rxh7 21. g3 Nd4 22. Qd1 Kd7 23. c3 Rg8 24. h4 f6 25. Be3 Rxg3+ 0-1


[Site "https://www.chess.com"]

[Event "Titled Tuesday Blitz May 30 Early 2023"]
[White "Deac, Bogdan-Daniel"]
[Black "Kucuksari, Kaan"]
[WhiteFideId "1226380"]
[BlackFideId "6380166"]
[WhiteElo "2649"]
[BlackElo "2364"]
[Result "1-0"]
[Round "03"]
[TimeControl "180+2"]
[Date "2023.05.30"]
[WhiteClock "0:00:04"]
[BlackClock "0:00:00"]

1. g3 d5 2. Bg2 Nf6 3. d3 e5 4. Nd2 Be7 5. e4 d4 6. Ne2 Nc6 7. f4 exf4 8. gxf4 Ng4 9. Nf1 O-O 10. h3 Bh4+ 11. Nfg3 Ne3 12. Bxe3 dxe3 13. O-O Nd4 14. Kh2 c5 15. c3 Nc6 16. Rf3 Be6 17. Rxe3 Qb6 18. f5 Bd7 19. Nf4 Qxb2 20. Nd5 Ne5 21. d4 Nc4 22. Re2 Qb5 23. Rb1 Qc6 24. e5 Qh6 25. Rf2 Bc6 26. Qd3 Bxd5 27. Bxd5 Nb6 28. Bg2 cxd4 29. cxd4 Rad8 30. f6 g6 31. Rf3 Qg5 32. Ne4 Qh5 33. Rd1 Nd5 34. Nc5 Bg5 35. Qe4 Bf4+ 36. Kh1 Nc3 37. Qxf4 Nxd1 38. e6 fxe6 39. Nxe6 Kf7 40. Nxd8+ Rxd8 41. Qc7+ 1-0


[Site "https://www.chess.com"]

[Event "Titled Tuesday Blitz May 30 Early 2023"]
[White "Babazada, Khazar"]
[Black "Martinez Ramirez, Lennis"]
[WhiteFideId "13413554"]
[BlackFideId "3509079"]
[WhiteElo "2351"]
[BlackElo "2410"]
[Result "1-0"]
[Round "03"]
[TimeControl "180+2"]
[Date "2023.05.30"]
[WhiteClock "0:01:02"]
[BlackClock "0:00:04"]

1. e4 c5 2. Nf3 Nc6 3. Bb5 g6 4. O-O Bg7 5. Re1 Nf6 6. d3 O-O 7. Bxc6 bxc6 8. a4 d5 9. Nbd2 Rb8 10. e5 Nd7 11. Nb3 f6 12. e6 Ne5 13. Nxc5 d4 14. Nb3 Rxb3 15. cxb3 Bxe6 16. Nxe5 fxe5 17. Bd2 Bd5 18. f3 h5 19. Rc1 Qd7 20. Qe2 h4 21. h3 Rb8 22. b4 Qf5 23. Rc5 a6 24. b5 axb5 25. axb5 Rxb5 26. Rxb5 cxb5 27. Rc1 e6 28. Rc5 g5 29. Rxb5 g4 30. hxg4 Qg6 31. Rb8+ Kh7 32. Qf2 Bf6 33. b4 Qxd3 34. g5 Qb1+ 35. Kh2 Be7 36. Qxh4+ Kg6 37. Qh6+ Kf5 38. Qh7# 1-0


[Site "https://www.chess.com"]

[Event "Titled Tuesday Blitz May 30 Early 2023"]
[White "Sjugirov, Sanan"]
[Black "Mendez Fortes, Eduardo Jesus"]
[WhiteFideId "4189302"]
[BlackFideId "3502376"]
[WhiteElo "2569"]
[BlackElo "2307"]
[Result "1-0"]
[Round "03"]
[TimeControl "180+2"]
[Date "2023.05.30"]
[WhiteClock "0:02:02"]
[BlackClock "0:01:00"]

1. e4 c5 2. Nf3 d6 3. d4 cxd4 4. Nxd4 Nf6 5. Nc3 a6 6. Be3 e5 7. Nf3 Be7 8. Bc4 O-O 9. O-O Nc6 10. Qe2 Be6 11. Bb3 h6 12. Rfd1 Qc7 13. Nh4 Rfd8 14. Nf5 Bf8 15. Qf3 Nh7 16. Nd5 Bxd5 17. Bxd5 Nb4 18. Bb6 Qxb6 19. Nxh6+ Kh8 20. Nxf7+ Kg8 21. Nxe5+ Nxd5 22. Qf7+ Kh8 23. Ng6# 1-0


[Site "https://www.chess.com"]

[Event "Titled Tuesday Blitz May 30 Early 2023"]
[White "Narayanan, Srinath"]
[Black "Sahib Singh"]
[WhiteFideId "5018420"]
[BlackFideId "25618342"]
[WhiteElo "2438"]
[BlackElo "1934"]
[Result "0-1"]
[Round "03"]
[TimeControl "180+2"]
[Date "2023.05.30"]
[WhiteClock "0:00:01"]
[BlackClock "0:00:02"]

1. Nf3 d5 2. e3 Nf6 3. c4 e6 4. Nc3 Be7 5. b3 O-O 6. Bb2 b6 7. cxd5 exd5 8. Rc1 c5 9. d4 Bb7 10. g3 Nc6 11. Bg2 Ba6 12. Ne5 Rc8 13. Nxc6 Rxc6 14. dxc5 Bxc5 15. a3 Re8 16. Nxd5 Nxd5 17. Qxd5 Rd6 18. Qf3 Rd2 19. Rd1 Bxe3 20. fxe3 Rxe3+ 21. Qxe3 Rxd1+ 22. Kf2 Rd2+ 23. Kg1 Rxb2 24. h4 Bb7 25. Rh2 Rb1+ 26. Bf1 Ba6 27. Rf2 h6 28. Qf4 Qd5 29. b4 f6 30. Qe3 Bd3 31. Qd2 Qc4 32. Qe3 Bxf1 33. Kh2 Bd3 34. Rd2 Qc1 35. Kh3 Qh1+ 36. Kg4 Bg6 37. Qf2 h5+ 38. Kf4 Qe4# 0-1


[Site "https://www.chess.com"]

[Event "Titled Tuesday Blitz May 30 Early 2023"]
[White "Rendle, Thomas E"]
[Black "Fridman, Daniel"]
[WhiteFideId "408760"]
[BlackFideId "11600454"]
[WhiteElo "2428"]
[BlackElo "2525"]
[Result "0-1"]
[Round "03"]
[TimeControl "180+2"]
[Date "2023.05.30"]
[WhiteClock "0:00:00"]
[BlackClock "0:00:13"]

1. Nf3 d5 2. b3 Bg4 3. Bb2 Bxf3 4. exf3 Nc6 5. f4 Qd6 6. g3 h5 7. Bg2 h4 8. Nc3 Nf6 9. Nb5 Qd7 10. Nd4 Nxd4 11. Bxd4 g6 12. Qe2 Bg7 13. O-O-O h3 14. Bf3 O-O 15. Rhe1 e6 16. Qe3 b6 17. Be5 c5 18. d4 Rac8 19. dxc5 bxc5 20. g4 c4 21. Qd4 Qe7 22. f5 Qa3+ 23. Kb1 c3 24. Qxc3 Rxc3 25. Bxc3 gxf5 26. gxf5 Kh7 27. Rd3 Rc8 28. Bb2 Qc5 29. Bd1 Qxf2 30. Rxh3+ Kg8 31. Rhe3 Ne4 32. fxe6 fxe6 33. Bxg7 Kxg7 34. Kb2 Qf6+ 35. Ka3 Qf8+ 36. Kb2 Qf6+ 37. Ka3 Rc6 38. b4 Ra6+ 0-1


[Site "https://www.chess.com"]

[Event "Titled Tuesday Blitz May 30 Early 2023"]
[White "Veiga, Jose Francisco R P Neves"]
[Black "Bjerre, Jonas Buhl"]
[WhiteFideId "1930087"]
[BlackFideId "1444948"]
[WhiteElo "2320"]
[BlackElo "2525"]
[Result "0-1"]
[Round "03"]
[TimeControl "180+2"]
[Date "2023.05.30"]
[WhiteClock "0:00:03"]
[BlackClock "0:00:29"]

1. d4 Nf6 2. Nf3 e6 3. Bf4 b6 4. e3 Bb7 5. Nbd2 d5 6. Bd3 Bd6 7. O-O O-O 8. Qe2 Ne4 9. c3 Nd7 10. Ne5 Bxe5 11. dxe5 Ndc5 12. Nxe4 dxe4 13. Bc4 a5 14. Rfd1 Qc8 15. b4 axb4 16. cxb4 Na4 17. Qc2 c5 18. b5 Ra5 19. Bb3 Qa8 20. Rd7 Bd5 21. Rd1 c4 22. Bxc4 Bxc4 23. Qxc4 Nb2 24. Qb4 Nxd1 25. Rxd1 Rxa2 26. h4 Ra1 27. Rxa1 Qxa1+ 28. Kh2 Qf1 29. Kg3 h6 30. h5 Rd8 31. Qxe4 Qxb5 32. Qb7 Qc5 33. Kh3 b5 34. Bg3 Qd5 35. Qc7 Qd7 36. Qb6 Rc8 37. Bf4 Qd5 38. f3 Qc4 39. Qb7 b4 40. Bg3 b3 41. Bf4 Qc2 42. e4 b2 43. Bxh6 b1=Q 44. Qxb1 Qxb1 0-1


[Site "https://www.chess.com"]

[Event "Titled Tuesday Blitz May 30 Early 2023"]
[White "Kovalenko, Igor"]
[Black "Jeet, Jain"]
[WhiteFideId "14117908"]
[BlackFideId "5073022"]
[WhiteElo "2574"]
[BlackElo "2067"]
[Result "1/2-1/2"]
[Round "03"]
[TimeControl "180+2"]
[Date "2023.05.30"]
[WhiteClock "0:00:22"]
[BlackClock "0:00:09"]

1. c3 c5 2. d4 cxd4 3. cxd4 d5 4. Bf4 Nf6 5. e3 Nc6 6. Bb5 Bd7 7. Nc3 e6 8. Nf3 a6 9. Bd3 Be7 10. h4 b5 11. Rc1 Rc8 12. h5 h6 13. Ne5 Na5 14. g4 Nc4 15. Rc2 Qa5 16. Bxc4 bxc4 17. f3 Ba4 18. Kf2 Bxc2 19. Qxc2 Nd7 20. e4 Nxe5 21. Bxe5 O-O 22. exd5 exd5 23. Rg1 Rc6 24. Rg2 Bf6 25. Qf5 Bxe5 26. Qxe5 Re6 27. Qxd5 Qxd5 28. Nxd5 Rd8 29. Nf4 Rb6 30. Kg3 Rxd4 31. Rc2 Kh7 32. Ne2 Rd3 33. Nf4 Rd1 34. Ng2 Rb1 35. Rxc4 R1xb2 36. Ra4 R2b4 37. Ra3 R4b5 38. Ne3 a5 39. Nc4 Ra6 40. Ra4 Rb4 41. Rxa5 Rxa5 42. Nxa5 Ra4 43. Nc6 Rxa2 44. Ne5 Ra7 45. Kf4 Kg8 46. Kg3 Kf8 47. Nd3 Ke7 48. Nf4 Ra5 49. Nd3 Kd6 50. Nf2 Ra4 51. Nd3 Ra3 52. Nf4 Ke5 53. Ng2 g5 54. Kf2 Kd4 55. Kg3 f6 56. Kf2 Ke5 57. Kg3 f5 58. gxf5 Kxf5 59. Kf2 Ra1 60. Ne3+ Kf6 61. Ng4+ Kg7 62. Kg2 Ra6 63. Kg3 Kf7 64. Kg2 Re6 65. Kg3 Ke7 66. Kg2 Kd6 67. Kg3 Kd5 68. Kg2 Kd4 69. Kf2 Kd3 70. Kf1 Ra6 71. Kf2 Ra2+ 72. Kg3 Ra6 73. Kf2 Rb6 74. Kf1 Kd2 75. Kf2 Kd1 76. Ne3+ Kc1 77. Ng4 Ra6 78. Ke2 Kc2 79. Kf2 Kd3 80. Ne5+ Kd4 81. Ng4 Kd5 82. Kg3 Re6 83. Kg2 Kd6 84. Kg3 Ke7 85. Kg2 Kf7 86. Kg3 Kg7 87. Kg2 Re8 88. Kg3 Rh8 89. Kg2 Kf7 90. Kf2 Ke6 91. Kg2 Kf5 92. Kf2 Kf4 93. Ne3 Ra8 94. Ng2+ Ke5 95. Ne3 Ra3 96. Ng2 Kf6 97. Ne3 Ra2+ 98. Kg3 Ra8 99. Ng4+ Kg7 100. Kg2 Ra4 101. Kf2 Rf4 102. Kg3 Ra4 103. Kg2 Ra1 104. Kh2 Rf1 105. Kg2 Rb1 106. Kh2 Rb2+ 107. Kg3 Rb6 108. Kg2 Ra6 1/2-1/2


[Site "https://www.chess.com"]

[Event "Titled Tuesday Blitz May 30 Early 2023"]
[White "Williams, Simon K"]
[Black "Durarbayli, Vasif"]
[WhiteFideId "404454"]
[BlackFideId "13402935"]
[WhiteElo "2468"]
[BlackElo "2551"]
[Result "0-1"]
[Round "03"]
[TimeControl "180+2"]
[Date "2023.05.30"]
[WhiteClock "0:00:05"]
[BlackClock "0:00:40"]

1. d4 Nf6 2. c4 e6 3. Nf3 b6 4. g3 Bb7 5. Bg2 Bb4+ 6. Nbd2 O-O 7. O-O c5 8. d5 exd5 9. Nh4 Bxd2 10. Qxd2 Ne4 11. Qc2 Re8 12. cxd5 Bxd5 13. f3 Nf6 14. e4 Bb7 15. Bf4 d5 16. e5 Nfd7 17. Rfe1 Nc6 18. Qf5 g6 19. Qh3 Ndxe5 20. g4 Nd3 21. Rxe8+ Qxe8 22. Qg3 Nd4 23. Bf1 Ne2+ 24. Bxe2 Qxe2 25. Rf1 d4 26. Bh6 Qe5 27. Qg2 Re8 28. Nf5 gxf5 29. gxf5+ Kh8 30. f4 Bxg2 0-1


[Site "https://www.chess.com"]

[Event "Titled Tuesday Blitz May 30 Early 2023"]
[White "Melikyan, Gnel"]
[Black "Bachmann, Axel"]
[WhiteFideId "54109990"]
[BlackFideId "3700488"]
[WhiteElo "2138"]
[BlackElo "2605"]
[Result "0-1"]
[Round "03"]
[TimeControl "180+2"]
[Date "2023.05.30"]
[WhiteClock "0:00:05"]
[BlackClock "0:00:13"]

1. e4 c6 2. Nf3 d5 3. Nc3 Bg4 4. h3 Bxf3 5. Qxf3 e6 6. b3 Nf6 7. Bb2 Nbd7 8. Qe2 d4 9. Nd1 e5 10. g3 Nc5 11. d3 h5 12. Bg2 h4 13. O-O Ne6 14. Bc1 Bd6 15. Nb2 b5 16. a4 a6 17. Bd2 Kf8 18. Qe1 Kg8 19. Bb4 Bxb4 20. Qxb4 Nh5 21. Kh2 Qg5 22. Qe1 Rh6 23. axb5 cxb5 24. g4 Nhf4 25. Qd2 Nxh3 26. Qxg5 Nhxg5 27. f3 Nf4 28. Ra5 Rc8 29. Rc1 Ne2 30. Rca1 Rxc2 31. Nd1 Nf4 32. R5a2 Rhc6 33. Kg1 Nxg2 0-1


[Site "https://www.chess.com"]

[Event "Titled Tuesday Blitz May 30 Early 2023"]
[White "Zemlyanskii, Ivan"]
[Black "Souleidis, Georgios"]
[WhiteFideId "24249971"]
[BlackFideId "4206827"]
[WhiteElo "2421"]
[BlackElo "2401"]
[Result "1-0"]
[Round "03"]
[TimeControl "180+2"]
[Date "2023.05.30"]
[WhiteClock "0:00:15"]
[BlackClock "0:00:07"]

1. d4 Nf6 2. c4 g6 3. h4 c5 4. d5 Bg7 5. Nc3 O-O 6. e4 d6 7. Be2 e6 8. h5 exd5 9. exd5 Re8 10. h6 Bh8 11. Bg5 Qb6 12. b3 Ne4 13. Nxe4 Rxe4 14. Kf1 Re8 15. Nf3 Nd7 16. Rb1 Ne5 17. Nxe5 Bxe5 18. g3 Bf5 19. Bd3 Bxd3+ 20. Qxd3 Qb4 21. Rc1 Qa5 22. Rc2 a6 23. Rh4 b5 24. Re4 bxc4 25. bxc4 Qa4 26. Rce2 Bd4 27. Qb3 Qd7 28. Rxe8+ Rxe8 29. Rxe8+ Qxe8 30. Qb6 f6 31. Bf4 g5 32. Qc7 Qg6 33. Qc8+ Kf7 34. Qd7+ Kg8 35. Bxd6 Qxh6 36. Qe8+ 1-0


[Site "https://www.chess.com"]

[Event "Titled Tuesday Blitz May 30 Early 2023"]
[White "Korchmar, Vasiliy"]
[Black "Dragnev, Valentin"]
[WhiteFideId "24131750"]
[BlackFideId "1634852"]
[WhiteElo "2370"]
[BlackElo "2487"]
[Result "1-0"]
[Round "03"]
[TimeControl "180+2"]
[Date "2023.05.30"]
[WhiteClock "0:00:03"]
[BlackClock "0:00:00"]

1. e4 c5 2. Nf3 d6 3. d4 cxd4 4. Nxd4 Nf6 5. Nc3 a6 6. Be2 e5 7. Nb3 Be6 8. O-O Nbd7 9. Be3 Rc8 10. a4 Be7 11. a5 O-O 12. Qd2 Qc7 13. Rfd1 h6 14. h3 Rfe8 15. Qe1 Nf8 16. Nc1 Qc6 17. Nd3 Qc7 18. Nb4 Ng6 19. Bb6 Qb8 20. Rd2 Nf8 21. Bf3 N8d7 22. Be3 Nc5 23. Nbd5 Nxd5 24. Nxd5 Bxd5 25. Rxd5 Ne6 26. c3 Bg5 27. Bb6 Bd8 28. Be3 Rc6 29. Bg4 Bg5 30. Bb6 Nf4 31. Rdd1 Ne6 32. g3 Nc5 33. h4 Bd8 34. Bxc5 Rxc5 35. b4 Rc4 36. Rd3 Be7 37. Rad1 Qc7 38. Kg2 Qc6 39. Bf3 Bf8 40. h5 Rc8 41. Rc1 Rxb4 42. cxb4 Qxc1 43. Qe2 Rc2 44. Qe3 Qb2 45. Qb6 Be7 46. Bg4 Bf8 47. Rf3 Qa2 48. Qxb7 Rb2 49. Bd7 f5 50. Bxf5 Rb1 51. Bg6 1-0


[Site "https://www.chess.com"]

[Event "Titled Tuesday Blitz May 30 Early 2023"]
[White "RobertDowneyJr0111"]
[Black "Rozen, Eytan"]
[BlackFideId "2816750"]
[WhiteElo "2629"]
[BlackElo "2451"]
[Result "0-1"]
[Round "03"]
[TimeControl "180+2"]
[Date "2023.05.30"]
[WhiteClock "0:00:00"]
[BlackClock "0:00:04"]

1. e4 c5 2. Nf3 e6 3. d4 cxd4 4. Nxd4 Nf6 5. Nc3 Nc6 6. g3 d6 7. Bg2 Be7 8. O-O O-O 9. Nb3 a6 10. Be3 Rb8 11. a4 b5 12. axb5 axb5 13. h3 b4 14. Ne2 d5 15. Ned4 Nxd4 16. Nxd4 Bb7 17. e5 Ne4 18. Kh2 Qc7 19. f3 Nxg3 20. Kxg3 Qxe5+ 21. Kf2 Bh4+ 22. Ke2 Qh2 23. Rg1 Ra8 24. f4 Rxa1 25. Qxa1 Ra8 26. Nf3 Qg3 27. Qe1 Qxg2+ 28. Rxg2 Bxe1 29. Kxe1 d4 30. Bxd4 Bxf3 31. Rxg7+ Kf8 32. Rxh7 Ra1+ 33. Kf2 Be4 34. Rh8+ Ke7 35. Bc5+ Kf6 36. Bxb4 Bxc2 37. h4 Bf5 38. h5 Rh1 39. Bc3+ Ke7 40. h6 f6 41. b4 Rh2+ 42. Ke3 Rh3+ 43. Kd4 Rh4 44. Kc5 Rxf4 45. b5 Rf3 46. Bb4 Kf7 47. b6 Be4 48. Kd6 Rd3+ 49. Kc7 Rd4 50. Bc5 Rc4 51. Kd6 Rc1 52. Be3 Rc6+ 53. Kd7 Rc3 54. Bf2 Rc2 55. Bg1 Rc1 56. Be3 Rc3 57. h7 Kg7 58. Re8 Kxh7 59. Rxe6 Bf5 0-1


[Site "https://www.chess.com"]

[Event "Titled Tuesday Blitz May 30 Early 2023"]
[White "Vitiugov, Nikita"]
[Black "Al-Tarboush, Ward"]
[WhiteFideId "4152956"]
[BlackFideId "7601450"]
[WhiteElo "2673"]
[BlackElo "2265"]
[Result "1-0"]
[Round "03"]
[TimeControl "180+2"]
[Date "2023.05.30"]
[WhiteClock "0:01:34"]
[BlackClock "0:01:16"]

1. Nf3 Nf6 2. c4 b6 3. d4 Bb7 4. g3 e6 5. Bg2 Be7 6. O-O O-O 7. Nc3 Ne4 8. Qc2 Nxc3 9. Qxc3 Bf6 10. Qd3 d6 11. Ng5 Bxg5 12. Bxg5 Qc8 13. d5 Nd7 14. b4 Ne5 15. Qd4 exd5 16. cxd5 f6 17. Bf4 g5 18. Bxe5 fxe5 19. Qe3 Qf5 20. Rac1 Rf7 21. Be4 Qf6 22. Rc3 Raf8 23. Ra3 a6 24. f3 Rg7 25. Rc1 Qf7 26. Rac3 Rc8 27. Qd3 Rf8 28. Rxc7 Qxc7 29. Rxc7 Rxc7 30. Qe3 b5 31. Qxg5+ Rg7 32. Qh6 Rd8 33. Bxh7+ Kf7 34. Qe6+ Kf8 35. Qf6+ 1-0


[Site "https://www.chess.com"]